 Dungeon Crawl Stone Soup version 0.29.1-15-g9cfb28693d (webtiles) character file.

Game seed: 4619297582714887437

3297 Descartes the Geomancer (level 10, -4/50 HPs)
             Began as a Gargoyle Earth Elementalist on Feb 22, 2023.
             Was an Initiate of Gozag.
             Slain by Erica
             ... wielding a +4 scimitar of flaming
              (8 damage)
             ... on level 8 of the Dungeon.
             The game lasted 00:18:49 (8251 turns).

Descartes the Geomancer (GrEE)                      Turns: 8251, Time: 00:18:50

Health: -4/50      AC: 17    Str: 16      XL:     10   Next: 1%
Magic:  16/17      EV: 13    Int: 16 (18) God:    Gozag
Gold:   300        SH:  0    Dex: 17      Spells: 12/18 levels left

rFire   + + +      SeeInvis .   o - +4 dagger "Kueskext" {spect, Int+2 Dex+7}
rCold   + . .      Faith    .   p - orb {*channel}
rNeg    + . .      Spirit   .   k - +0 leather armour {rF+}
rPois   ∞          Reflect  .   (no helmet)
rElec   +          Harm     .   v - +0 cloak
rCorr   +          Rampage  .   r - +0 pair of gloves
Will    .....                   (no boots)
Stlth   ++........              w - amulet of magic regeneration
HPRegen 0.16/turn               i - +4 ring of protection
MPRegen 0.55/turn               y - ring of protection from fire

@: mighty, brilliant, resistant, slowed, very slow
A: sickness immunity, AC +7, negative energy resistance 1, electricity
resistance, torment resistance 1, petrification resistance
a: Renounce Religion, Potion Petition, Call Merchant, Bribe Branch


You were on level 8 of the Dungeon.
You worshipped Gozag.
Gozag was aware of your devotion.
You visited 2 branches of the dungeon, and saw 9 of its levels.

You collected 873 gold pieces.
You paid 573 gold pieces to Gozag.

Inventory:

Hand Weapons
 n - a +0 long sword of draining
 o - the +4 dagger "Kueskext" (weapon) {spect, Int+2 Dex+7}
   (You found it on level 3 of the Dungeon)

   When its wielder attacks, the weapon's spirit leaps out and strikes again.
   The spirit shares a part of any damage it takes with its wielder.
   Int:       It affects your intelligence (+2).
   Dex:       It affects your dexterity (+7).
 u - the +10 dagger of Ashenzari, Hugging {antimagic, Fragile Dex+9}
   (You found it on level 4 of the Dungeon)

   It reduces the magical energy of the wielder, and disrupts the spells and
   magical abilities of those it strikes.
   Natural abilities and divine invocations are not affected.
   Dex:       It affects your dexterity (+9).
   Fragile:   It will be destroyed if unequipped.
 z - a +2 rapier of electrocution
 E - a +4 flail of protection
 L - a +1 war axe of pain
Missiles
 g - 13 poisoned darts
Armour
 k - a +0 leather armour of fire resistance (worn)
 p - an orb of energy (worn)
 r - a +0 pair of gloves (worn)
 v - a +0 cloak (worn)
 A - a +1 leather armour of willpower
 K - a +0 buckler
 M - +0 steam dragon scales
Jewellery
 i - a +4 ring of protection (left hand)
 l - a +4 ring of protection
 w - an amulet of magic regeneration (around neck)
 y - a ring of protection from fire (right hand)
 J - a +6 ring of strength
Wands
 a - a wand of iceblast (13)
 N - a wand of flame (9)
Scrolls
 c - 4 scrolls of noise {unknown}
 e - 10 scrolls of identify {unknown}
 f - 4 scrolls of blinking {unknown}
 h - 5 scrolls of teleportation {unknown}
 j - a scroll of summoning {unknown}
 m - 3 scrolls of fear {unknown}
 t - 2 scrolls of torment {unknown}
 C - a scroll of acquirement {unknown}
 D - 2 scrolls of enchant armour {unknown}
 F - a scroll of vulnerability {unknown}
Potions
 b - 2 potions of magic
 d - 4 potions of degeneration {unknown}
 s - a potion of heal wounds {unknown}
 x - 3 potions of attraction {unknown}
 B - a potion of flight {unknown}
 G - a potion of haste {unknown}
 H - 2 potions of might {unknown}
 I - a potion of lignification {unknown}
 O - a potion of invisibility {unknown}


   Skills:
 + Level 0.0 Fighting
 - Level 5.0 Armour
 + Level 4.4 Dodging
 - Level 2.1 Stealth
 + Level 4.9 Spellcasting
 - Level 5.0 Conjurations
 - Level 0.7 Transmutations
 * Level 10.5 Earth Magic
 + Level 4.4 Evocations


You had 12 spell levels left.
You knew the following spells:

 Your Spells              Type           Power      Damage    Failure   Level
a - Sandblast             Erth           100%       2d20      1%          1
b - Stone Arrow           Conj/Erth      86%        3d12      2%          3
c - Passwall              Tmut/Erth      27%        N/A       2%          2

Your spell library contained the following spells:

 Spells                   Type           Power      Damage    Failure   Level
 Sting                    Tmut/Pois      28%        1d4       16%         1
 Petrify                  Tmut/Erth      33%        N/A       19%         4
 Poisonous Vapours        Pois/Air       10%        N/A       28%         2
 Ozocubu's Armour         Ice            5%         N/A       50%         3
 Olgreb's Toxic Radiance  Pois           5%         N/A       88%         4
 Metabolic Englaciation   Hex/Ice        2%         N/A       99%         5
 Simulacrum               Ice/Necr       Unusable   N/A       N/A         6

Dungeon Overview and Level Annotations

Branches:
Dungeon (8/15)             Temple (1/1) D:5
   Lair: D:8-11

Altars:
Cheibriados
Fedhas
Gozag
Hepliaklqana
Kikubaaqudgha
Makhleb
Nemelex Xobeh
Okawaru
Qazlal
Sif Muna
Trog
Uskayaw
Vehumet
Wu Jian
Xom

Annotations:
D:8 Erica


Innate Abilities, Weirdness & Mutations

You are immune to sickness and miasma.
Your stone body is resilient. (AC +7)
You are immune to poison.
You resist negative energy. (rN+)
You are resistant to electric shocks. (rElec)
You are resistant to unholy torment.
You are immune to petrification.


Message History

You're too confused to move!
Erica casts a spell at you.
The bolt of poison hits you but does no damage.
You resist.
You're too confused to move!
Erica screams, "Die!"
Erica hits you with a +4 scimitar of flaming.
You are too confused!
You are too confused!
You hit Erica.
Erica is heavily wounded.
Your +4 dagger "Kueskext" {spect, Int+2 Dex+7} hits Erica.
Erica gestures at your +4 dagger "Kueskext" {spect, Int+2 Dex+7} while chanting.
The lance of force hits your +4 dagger "Kueskext" {spect, Int+2 Dex+7}!!
Your spectral weapon shares its damage with you!
Your +4 dagger "Kueskext" {spect, Int+2 Dex+7} fades away.
* * * LOW HITPOINT WARNING * * *
Okay, then.
You feel better.
Erica barely misses you. [a] - 450 gold - resistance and invisibility [b] - 392 gold - resistance and might [c] - 540 gold - resistance, might and brilliance Purchase which effect?
You no longer have enough gold to petition Gozag for potion effects.
You no longer have enough gold to fund merchants seeking to open stores in the dungeon.
You feel protected.
You feel very mighty all of a sudden.
You feel clever all of a sudden. Erica casts a spell at you.
You feel yourself slow down.
Casting: Sandblast (safe; 1% risk of failure)
Confirm with . or Enter, or press ? or * to list all spells.
Aiming: Stone Arrow (dangerous; 2% risk of failure)
Press: ? - help, Shift-Dir - straight line, f/p - Erica
Aim: Erica, wielding a +4 scimitar of flaming and wearing a +0 robe (heavily wounded, 73% to hit)
You feel a surge of power!
The stone arrow misses Erica.
Erica hits you with a +4 scimitar of flaming!
* * * LOW HITPOINT WARNING * * *
Erica hits you with a +4 scimitar of flaming!
You die...
Your body crumbles into a pile of gold.

#. #. ##. ###..#
##.....##
).......###
..[.......##
...#.......###
........#..@@##
.........#.<..#
#........##......#
###......###...#..#
##...... ...## #.#
##.....#..## #
#........#
##......## ##....#


You could see Erica.

Vanquished Creatures
  Maggie (D:7)
  Grinder (D:5)
  Eustachio (D:5)
  A steam dragon (D:7)
  Menkaure (D:6)
  Edmund (D:6)
  2 water moccasins
  Duvessa (D:6)
  2 ice beasts (D:6)
  The ghost of laros the Chopper, an amateur MiBe of Trog (D:5)
  2 ogres
  3 phantoms
  Blork the orc (D:5)
  2 necrophages
  3 scorpions
  A bullfrog (D:7)
  Dowan (D:6)
  5 killer bees (D:7)
  3 howler monkeys
  A jelly (D:7)
  2 hounds (D:5)
  A gnoll bouda (D:5)
  2 iguanas
  Terence (D:2)
  3 orc wizards
  5 gnolls (D:5)
  13 adders
  A white imp (D:7)
  4 worms
  2 dart slugs
  12 orcs
  10 ball pythons
  6 endoplasms
  3 giant cockroaches
  5 hobgoblins
  5 quokkas
  9 bats
  5 frilled lizards
  3 goblins
  4 kobolds
  8 rats
138 creatures vanquished.

Notes
Turn   | Place    | Note
-------+----------+-------------------------------------------
     0 | D:1      | Descartes the Gargoyle Earth Elementalist began the quest
                  | for the Orb.
     0 | D:1      | Reached XP level 1. HP: 10/10 MP: 3/3
   231 | D:1      | Reached skill level 4 in Earth Magic
   394 | D:1      | Reached XP level 2. HP: 15/15 MP: 3/5
  1211 | D:2      | Reached XP level 3. HP: 19/19 MP: 3/6
  1215 | D:2      | Learned a level 3 spell: Stone Arrow
  1218 | D:2      | Learned a level 2 spell: Passwall
  1258 | D:2      | Reached skill level 5 in Earth Magic
  1487 | D:2      | Noticed Terence
  1500 | D:2      | Killed Terence
  1501 | D:2      | Reached XP level 4. HP: 18/24 MP: 0/7
  1502 | D:2      | Reached skill level 6 in Earth Magic
  1900 | D:2      | Found a faded altar of an unknown god.
  1901 | D:2      | Found a faded altar of an unknown god.
  1988 | D:3      | Identified the +4 dagger "Kueskext" {spect, Int+2 Dex+7}
  2560 | D:3      | Reached XP level 5. HP: 28/28 MP: 5/8
  2662 | D:3      | Found a runed translucent gate.
  2662 | D:3      | Found a runed translucent gate.
  2664 | D:3      | Found an opulent altar of Gozag.
  2665 | D:3      | Found a runed translucent gate.
  2668 | D:3      | Noticed laros's ghost (amateur MiBe)
  2971 | D:3      | Reached skill level 1 in Armour
  2971 | D:3      | Reached skill level 1 in Conjurations
  3246 | D:3      | Became a worshipper of Gozag Ym Sagoz the Greedy
  3339 | D:4      | Identified the +10 dagger of Ashenzari, Hugging {antimagic,
                  | Fragile Dex+9}
  3421 | D:4      | Reached skill level 1 in Evocations
  3481 | D:4      | Reached XP level 6. HP: 27/32 MP: 5/9
  3813 | D:4      | Reached skill level 7 in Earth Magic
  4148 | D:5      | Entered Level 5 of the Dungeon
  4157 | D:5      | Noticed Blork the orc
  4165 | D:5      | Killed Blork the orc
  4166 | D:5      | Reached XP level 7. HP: 35/36 MP: 4/11
  4309 | D:5      | Noticed Eustachio
  4343 | D:5      | Killed Eustachio
  4812 | D:5      | Reached XP level 8. HP: 41/41 MP: 9/12
  4882 | D:5      | Reached skill level 8 in Earth Magic
  4972 | D:5      | Noticed Grinder
  5007 | D:5      | Killed Grinder
  5043 | D:5      | Found a staircase to the Ecumenical Temple.
  5052 | Temple   | Entered the Ecumenical Temple
  5354 | D:5      | Killed laros's ghost
  5707 | D:6      | Noticed Edmund
  5726 | D:6      | Killed Edmund
  5936 | D:6      | Reached skill level 9 in Earth Magic
  6070 | D:6      | Noticed Duvessa
  6078 | D:6      | Killed Duvessa
  6079 | D:6      | Reached XP level 9. HP: 45/45 MP: 12/15
  6095 | D:6      | Noticed Menkaure
  6098 | D:6      | Killed Menkaure
  6127 | D:6      | Noticed Dowan
  6130 | D:6      | Killed Dowan
  6247 | D:6      | Found a sparkling altar of Nemelex Xobeh.
  7045 | D:7      | Noticed Maggie
  7058 | D:7      | Killed Maggie
  7420 | D:7      | Reached skill level 10 in Earth Magic
  7573 | D:7      | Reached skill level 5 in Armour
  7576 | D:7      | Reached skill level 5 in Conjurations
  7920 | D:7      | Reached XP level 10. HP: 50/50 MP: 14/17
  8172 | D:8      | Noticed Erica
  8251 | D:8      | Slain by Erica

Illustrated notes

Levels and vault maps discovered:
D:1:      wander_arrival_peaceful_grave, layout_basic, minmay_shallow_snake_nest
D:2:      layout_basic, hellmonk_ecumenical_altar_the_god_not_taken, hex_tiny,
          uniq_terence
D:3:      layout_basic, ebering_ghost_gozag, chequers_serial_rivers_large_b,
          minmay_misc_feat_rows, grunt_ministairs_15, minmay_hedge_maze,
          st_stairs_3, amcnicky_mini_corridor_feature, hex_medium
D:4:      layout_loops_ring, minmay_fountain_box, chequers_serial_rivers_room_b
D:5:      layout_loops_ring, minmay_temple_entry_slanted,
          hangedman_decor_clover_reticule, uniq_grinder, uniq_eustachio,
          uniq_blork_the_orc
D:6:      layout_loops_corners, mainiacjoe_overflow_small_starburst,
          uniq_edmund, uniq_duvessa, uniq_menkaure
D:7:      layout_cave_pods, uniq_maggie
D:8:      layout_layer_cave, grunt_temple_overflow_holy_war,
          mainiacjoe_overflow_catwalk_spiral, uniq_erica
Temple:   nicolae_temple_figure_eight

Skill      XL: |  1  2  3  4  5  6  7  8  9 |
---------------+----------------------------+-----
Earth Magic    | 4 5 6 7 9 10 | 10.5
Armour         | 1 2 4 5 |  5.0
Conjurations   | 1 2 4 5 |  5.0
Evocations     | 1 2 3 4 |  4.4
Dodging        | 2 3 4 |  4.4
Spellcasting   | 3 4 |  4.9
Stealth        | |  2.1
Transmutations | |  0.7

Action                   |  1- 3 |  4- 6 |  7- 9 | 10-12 || total
-------------------------+-------+-------+-------+-------++-------
Melee: Unarmed           |     1 |       |       |       ||     1
       Long sword        |     3 |     3 |       |       ||     6
       Dagger            |       |    11 |    13 |     2 ||    26
 Cast: Sandblast         |    40 |    82 |   168 |     6 ||   296
       Stone Arrow       |       |       |     6 |     1 ||     7
Invok: Potion Petition   |       |       |       |     1 ||     1
  Use: Potion            |       |       |     1 |     1 ||     2
Armor: Robe              |     4 |       |       |       ||     4
       Leather armour    |    10 |    19 |    72 |       ||   101
       Steam dragon scal |       |       |    18 |       ||    18
Dodge: Dodged            |    16 |    40 |   101 |     8 ||   165
